[Event "1000GM Schev-C-A February 2024"]
[Site "Santa Clara"]
[Date "2024.02.25"]
[Round "3.1"]
[White "Tang, Dylan"]
[Black "Arenas, David"]
[Result "1/2-1/2"]
[ECO "C97"]
[WhiteElo "2206"]
[BlackElo "2406"]
[Annotator "TA"]
[PlyCount "101"]
[EventDate "2024.02.13"]
[EventType "schev"]
[EventCountry "USA"]
[SourceTitle "playchess.com"]
[Source "ChessBase"]
[SourceQuality "1"]
[TimeControl "5400+30"]

1. e4 e5 2. Nf3 Nc6 3. Bb5 a6 4. Ba4 Nf6 5. O-O Be7 6. Re1 b5 7. Bb3 d6 8. c3 O-O 9. h3 Na5 10. Bc2 c5 11. d4 Qc7 12. Nbd2 Be6 13. d5 Bd7 14. Nf1 Rfb8 15. N3h2 Ne8 16. f4 {White is slightly better.} exf4 17. Bxf4 Nc4 18. Qc1 Bf6 19. Bd1 Ne5 20. Be2 {Wards off Nd3} b4 21. c4 a5 22. Ne3 (22. Bxe5 $11 {remains equal.} Bxe5 23. Nf3) 22... a4 $17 23. Bg3 a3 24. b3 Ng6 25. Rb1 Bc3 $36 {[%mdl 2048] Black has strong initiative.} 26. Rf1 Nf6 27. Bf3 Re8 28. Qc2 Re7 29. Nf5 Bxf5 30. exf5 Ne5 {[%emt 0:00:30] Hoping for ...Nxf3+.} 31. Bh4 Rae8 (31... Nxf3+ $1 $19 32. Nxf3 Rae8) 32. Bxf6 (32. Bd1 $17) 32... Nxf3+ $19 (32... gxf6 33. Bd1 $17) 33. Nxf3 Bxf6 34. Rbe1 {[%emt 0:00:30] [#]} Bc3 $1 35. Rxe7 Qxe7 36. Rf2 {[%emt 0:00:30] White is weak on the dark squares} Qe3 {[%emt 0:00:30] Dodges Qd3} 37. Kh1 h6 38. Ng1 $2 (38. f6) 38... Bd4 39. Qe2 (39. Rf1 $142 Qc3 40. Qd1) 39... Qxf2 40. Qxe8+ {[%emt 0:00:30][%mdl 4096] Endgame. KQB-KQN} Kh7 41. Nf3 Qxa2 {[%emt 0:00:30] Threatens to win with ...Qb1+.} 42. Qxf7 Qa1+ $2 ({And not} 42... Qxb3 43. Qg6+ Kg8 44. Qe6+ (44. Qe8+ Kh7 $11) 44... Kh8 45. Qe8+ Kh7 46. Qg6+ Kh8 47. Qe8+ Kh7 48. Ng5+ hxg5 49. Qh5+ Kg8 50. Qe8+ Kh7 51. Qh5+ Kg8 52. Qe8+ Kh7 $11) (42... Qe2 {( -> ...a2)} 43. Nxd4 cxd4 44. Qg6+ Kg8) 43. Kh2 {[%emt 0:00:30] [#]} Be5+ (43... Bg1+ $1 $19 44. Kg3 (44. Nxg1 $2 {is the wrong capture.} Qe5+ 45. Kh1 a2 $19) 44... Qf6 45. Qxf6 gxf6) 44. g3 $1 $11 {[%emt 0:00:30] The position is equal.} Qb2+ 45. Kh1 $1 Qb1+ 46. Kh2 Qc2+ 47. Kh1 $1 Qc1+ 48. Kg2 Qc2+ 49. Kh1 Qd1+ 50. Ng1 a2 (50... Qb1 $5 51. Qg6+ $8 Kg8 52. Qe8+ Kh7 53. Qg6+ Kg8 54. Qe8+ Kh7 55. Qg6+ $11) 51. Qg6+ {[%emt 0:00:30] White happily takes the draw.   Weighted Error Value: White=0.37/Black=0.21 (precise) .  Mistake:       	White=4     	Black=1      Inaccurate:     	White=4     	Black=2      OK:         	White=7     	Black=9      Best:        	White=3     	Black=7      Strong:       	White=3     	---} 1/2-1/2

[Event "1000GM Schev-C-A February 2024"]
[Site "Santa Clara"]
[Date "2024.02.25"]
[Round "3.1"]
[White "Tang, Dylan"]
[Black "Arenas, David"]
[Result "*"]
[ECO "C01"]
[WhiteElo "2206"]
[BlackElo "2406"]
[Annotator "RC"]
[PlyCount "130"]
[EventDate "2024.02.13"]
[EventType "schev"]
[EventCountry "USA"]
[SourceTitle "playchess.com"]
[Source "ChessBase"]
[SourceQuality "1"]
[TimeControl "5400+30"]

1. c4 e6 2. e4 d5 3. exd5 exd5 4. d4 Nf6 5. Nc3 Be7 6. cxd5 Nbd7 7. Nf3 Nb6 8. Bb5+ Bd7 9. Bd3 Nbxd5 10. O-O Bg4 11. Re1 O-O 12. Bg5 h6 13. Bh4 Re8 14. h3 Be6 15. Ne5 Nf4 16. Bf1 N6d5 17. Bg3 Bd6 18. Qf3 Qf6 19. Kh2 Nxc3 20. bxc3 Nd5 21. c4 Qxf3 22. Nxf3 Bxg3+ 23. fxg3 Nb6 24. c5 Nd7 25. Nd2 Bd5 26. Bb5 c6 27. Bc4 Bxc4 28. Nxc4 b6 29. Nd6 Rxe1 30. Rxe1 Kf8 31. cxb6 axb6 32. Rc1 c5 33. dxc5 Nxc5 34. Rc2 Ke7 35. Nf5+ Kf6 36. g4 h5 37. Ne3 Kg6 38. gxh5+ Kxh5 39. Nc4 Na4 40. g4+ Kh6 41. Nd6 Ra7 42. h4 Nc5 43. Rf2 f6 44. Re2 Nd3 45. Kg3 Nc1 46. Re8 Kh7 47. h5 Ra3+ 48. Kh4 g5+ 49. hxg6+ Kxg6 50. Rg8+ Kh7 51. Rc8 Ne2 52. Rc7+ Kg8 53. g5 fxg5+ 54. Kxg5 Rg3+ 55. Kf5 Rf3+ 56. Ke5 Re3+ 57. Kd5 Nf4+ 58. Kc6 Rc3+ 59. Kb7 Rxc7+ 60. Kxc7 Nd5+ 61. Kb7 Nc3 62. a3 Nb1 63. Nb5 Nxa3 64. Nxa3 b5 65. Nxb5 Kh8 *

[Event "1000GM Schev-C-A February 2024"]
[Site "Santa Clara"]
[Date "2024.02.25"]
[Round "3.2"]
[White "Min, Ryan"]
[Black "Jimenez Garcia, Emmanuel"]
[Result "0-1"]
[ECO "A21"]
[WhiteElo "2063"]
[BlackElo "2394"]
[Annotator "TA"]
[PlyCount "106"]
[EventDate "2024.02.13"]
[EventType "schev"]
[EventCountry "USA"]
[SourceTitle "playchess.com"]
[Source "ChessBase"]
[SourceQuality "1"]
[TimeControl "5400+30"]

1. d4 d6 2. c4 e5 3. Nf3 e4 4. Ng5 f5 5. Nc3 Be7 6. Nh3 Nf6 7. g3 c6 8. Bf4 h6 9. Bg2 g5 10. Be3 {[%emt 0:01:38] Black is slightly better.} d5 11. c5 b6 12. b4 a5 13. b5 (13. a3 $15) 13... Ng4 ({Better is} 13... cxb5 $17 {Hoping for ...Ba6.} 14. Nxb5 O-O) 14. bxc6 $1 $15 Nxe3 15. fxe3 {[%emt 0:00:09][%cal Oc6c7] [#] c7! would now be deadly.} Nxc6 (15... bxc5 16. c7 Qxc7 17. Nxd5 $11) (15... Be6 $1 $15 16. Qb3 Nxc6 17. cxb6 a4) 16. Qa4 $11 Bd7 17. Nxd5 bxc5 18. Qc4 cxd4 (18... Be6 19. Nc7+ Qxc7 20. Qxe6 $16) 19. Nxe7 (19. O-O $11 Rc8 20. Rad1) 19... Qxe7 $17 20. exd4 $2 {[%emt 0:00:08] Loses the game.} (20. O-O $17) 20... Qb4+ $19 21. Qxb4 axb4 ({Don't play} 21... Nxb4 22. O-O $19) 22. e3 Ra3 23. Kd2 $2 (23. O-O) 23... Ke7 24. Rhb1 Rha8 25. Rb2 {[%emt 0:01:31] [#]} b3 $1 26. Bf1 Rxa2 27. Rab1 Rxb2+ 28. Rxb2 Ra1 29. Bc4 Na5 30. Bxb3 f4 31. Nf2 (31. Nxf4 {was the only chance.} gxf4 32. gxf4 Nxb3+ 33. Rxb3 Ra2+ 34. Kc3) 31... fxe3+ 32. Kxe3 Ra3 33. Kxe4 Rxb3 34. Rxb3 Nxb3 35. h4 Nd2+ 36. Ke3 (36. Ke5 $142) 36... Nf1+ 37. Kf3 Bc6+ 38. Kg4 Kf6 {[%emt 0:00:03] ...Bg2 is the strong threat.} 39. hxg5+ hxg5 40. Nd3 Ne3+ 41. Kh3 g4+ 42. Kh2 Kf5 43. Ne5 Bf3 {[%emt 0:00:53] ( -> ...Ke4)} 44. Kg1 Ke4 45. Kf2 Nd1+ (45... Kxd4 46. Nxf3+ gxf3 47. Kxf3 $11) (45... Nf5 $142 46. Nc6 Kd5 (46... Nxd4 $2 47. Ne7 $19)) 46. Ke1 Nb2 ({Not} 46... Kxd4 47. Nxf3+ Ke3 (47... gxf3 48. Kxd1 Ke4 49. g4 $11) 48. Ne5 $11) 47. Kd2 {[%emt 0:00:39] Against Nd3} Kxd4 48. Nxg4 Bxg4 {[%emt 0:00:41] Black mates.} 49. Kc2 Nd3 50. Kd2 Nb4 51. Kc1 Kc3 52. Kb1 Bf5+ 53. Kc1 Bc2 {[%emt 0:00:05] Weighted Error Value: White=0.75/Black=0.22 (precise) .  Loses game:     	White=1     	---        Mistake:       	White=5     	Black=2      Inaccurate:     	---       	Black=1      OK:         	White=7     	Black=10     Best:        	White=3     	Black=3      Strong:       	White=1     	---} 0-1

[Event "1000GM Schev-C-A February 2024"]
[Site "Santa Clara"]
[Date "2024.02.25"]
[Round "3.3"]
[White "Cardoso Cardoso, Jose Gabriel"]
[Black "Atwell, Rose"]
[Result "1-0"]
[ECO "C42"]
[WhiteElo "2477"]
[BlackElo "2104"]
[Annotator "RC"]
[PlyCount "141"]
[EventDate "2024.02.13"]
[EventType "schev"]
[EventCountry "USA"]
[SourceTitle "playchess.com"]
[Source "ChessBase"]
[SourceQuality "1"]
[TimeControl "5400+30"]

1. e4 e5 2. Nf3 Nf6 3. Nxe5 d6 4. Nf3 Nxe4 5. Nc3 Nxc3 6. dxc3 Be7 7. Be3 O-O 8. Qd2 Nd7 9. O-O-O Nf6 10. Bd3 c5 11. Bg5 Be6 12. Rhe1 c4 13. Bf1 d5 14. Nd4 Bd7 15. g3 h6 16. Bxf6 Bxf6 17. Kb1 Qa5 18. Bg2 Rfd8 19. Re3 Qc5 20. Qe2 b5 21. Qh5 Bc8 22. Rde1 Bb7 23. Nf5 Bc6 24. Qg4 Kf8 25. Nd4 b4 26. Qf5 Kg8 27. Be4 g6 28. Qxf6 Rd6 29. Qe5 f6 30. Bxd5+ Bxd5 31. Qf4 bxc3 32. Rxc3 Bf7 33. Nb3 Qb4 34. a3 Qb6 35. Rxc4 g5 36. Qf3 Bd5 37. Qc3 Bxc4 38. Qxc4+ Kf8 39. Qe4 Rad8 40. Re3 Qc7 41. f4 Qf7 42. Qb4 Kg8 43. h4 Rd1+ 44. Ka2 R1d4 45. Qa5 R4d5 46. Qa6 R5d6 47. Qa5 Rd5 48. Qc3 a5 49. Re4 Ra8 50. a4 Rb8 51. hxg5 hxg5 52. Rc4 Rb7 53. Rc8+ Kg7 54. fxg5 Rxg5 55. Rc5 Rxc5 56. Qxc5 Rc7 57. Qxa5 Rxc2 58. Qb5 Rg2 59. a5 Rxg3 60. a6 Rg5 61. Qb6 Qd7 62. Ka3 Qe7+ 63. Qb4 Qa7 64. Qb7+ Qxb7 65. axb7 Rb5 66. Nc5 f5 67. Ka4 Rb6 68. b4 f4 69. Ka5 Rxb7 70. Nxb7 f3 71. Nd6 1-0

[Event "1000GM Schev-C-A February 2024"]
[Site "Santa Clara"]
[Date "2024.02.25"]
[Round "3.4"]
[White "Zuluaga Mancilla, Cesar"]
[Black "Rajaram, Rohan"]
[Result "1/2-1/2"]
[ECO "D45"]
[WhiteElo "2251"]
[BlackElo "2151"]
[Annotator "TA"]
[PlyCount "114"]
[EventDate "2024.02.13"]
[EventType "schev"]
[EventCountry "USA"]
[SourceTitle "playchess.com"]
[Source "ChessBase"]
[SourceQuality "1"]
[TimeControl "5400+30"]

1. d4 d5 2. c4 c6 3. e3 Nf6 4. Nc3 e6 5. Nf3 Nbd7 6. Qc2 Bd6 7. b3 O-O 8. Bb2 b6 9. Be2 Bb7 10. O-O Re8 11. Rfd1 Rc8 12. Rac1 Qe7 13. Qb1 a6 14. h3 h6 15. Qa1 Bb8 16. a4 a5 17. cxd5 exd5 18. Ba3 Bd6 19. Bxd6 Qxd6 20. Qb2 Qe7 21. Bd3 Qd6 22. Rc2 c5 23. Nb5 Qb8 24. Bf5 g6 25. Bd3 Ne4 26. Bxe4 dxe4 27. Nh2 {[%emt 0:09:46][%cal Bf3h2,Bh2f1,Bf1g3][%mdl 32] Excellent horsemanship.} (27. Nd2 $5) 27... Rcd8 (27... h5 $11) 28. Rcd2 $14 {[%emt 0:00:57] [#] And now dxc5 would win.} h5 29. Nf1 Ba6 30. Ng3 Bxb5 31. axb5 h4 {[%emt 0:02:25] [#]} 32. Nxe4 Rxe4 33. dxc5 bxc5 34. Rxd7 Rxd7 35. Rxd7 Qxb5 {[%emt 0:00:37][%mdl 4096] Endgame. KQR-KQR} 36. Rc7 {[%emt 0:02:27] Black must now prevent Qf6.} Re8 $1 37. Qc3 a4 38. Rxc5 ({Not} 38. bxa4 $2 Qb1+ 39. Kh2 Qb8 40. Qxc5 Rc8 $19) 38... Qxb3 39. Qxb3 axb3 {[%emt 0:00:04] KR-KR} 40. Rb5 Rc8 41. Rxb3 Rc1+ 42. Kh2 Rc2 43. f3 Kg7 {[%emt 0:03:26] The position is equal.} 44. Rb4 g5 45. f4 f6 46. f5 Rf2 47. e4 Rf4 48. Rb7+ Kf8 49. Rb6 Kf7 50. Rb7+ Kf8 51. Rb4 Kf7 52. Kg1 Kf8 53. Kh2 Kf7 54. g4 hxg3+ 55. Kxg3 Kf8 56. Rb6 Kf7 57. Re6 Kg7 {[%emt 0:00:15] Weighted Error Value: White=0.05 (flawless) /Black=0.06 (flawless) .  Mistake:       	---       	Black=1      Inaccurate:     	White=4     	Black=3      OK:         	White=15    	Black=15     Best:        	White=6     	Black=3      Strong:       	---       	Black=1} 1/2-1/2

[Event "1000GM Schev-C-A February 2024"]
[Site "Santa Clara"]
[Date "2024.02.25"]
[Round "3.5"]
[White "Zhou, Ruoyu"]
[Black "Delgado Ramirez, Neuris"]
[Result "1/2-1/2"]
[ECO "B61"]
[WhiteElo "2112"]
[BlackElo "2517"]
[Annotator "TA"]
[PlyCount "80"]
[EventDate "2024.02.13"]
[EventType "schev"]
[EventCountry "USA"]
[SourceTitle "playchess.com"]
[Source "ChessBase"]
[SourceQuality "1"]
[TimeControl "5400+30"]

1. e4 c5 2. Nf3 Nc6 3. d4 cxd4 4. Nxd4 Nf6 5. Nc3 d6 6. Bg5 Bd7 7. Qd2 Rc8 8. f3 {[%emt 0:00:18] White is more active.} Nxd4 9. Qxd4 Qa5 10. h4 a6 {[%emt 0:00:44] White is slightly better.} 11. O-O-O h6 12. Be3 e5 13. Qb6 Qxb6 14. Bxb6 Be7 15. Bd3 Be6 16. Be3 Bd8 17. Kb1 Nd7 18. Be2 Ke7 19. Nd5+ Bxd5 20. Rxd5 Bb6 21. Bxb6 Nxb6 22. Rd2 Rhd8 23. Rhd1 Rc6 24. c3 Nd7 25. Bd3 Nf6 26. Bc2 g5 27. hxg5 hxg5 28. Rh1 Rcc8 29. g4 Rh8 30. Rdh2 Rxh2 31. Rxh2 $11 {[%emt 0:00:02][%mdl 4096] Endgame. KRB-KRN} Rg8 32. Bb3 Rg6 33. Kc2 (33. Kc1 $14) 33... Rg8 ({Better is} 33... d5 $1 $11 34. exd5 (34. Bxd5 Nxd5 35. exd5 Rf6 $11) 34... e4) 34. Kd3 Rc8 35. Ke3 (35. a4 $14) 35... b5 {[%emt 0:01:40] The position is equal.} 36. a3 a5 37. Kd3 Rb8 38. Ke3 Rc8 39. Kd3 Rb8 40. Ke3 Ke8 $2 {[%mdl 40960] Weighted Error Value: White=0.14 (very precise) /Black=0.10 (very precise) .  Loses game:     	---       	Black=1      Mistake:       	White=2     	Black=1      Inaccurate:     	White=4     	Black=3      OK:         	White=9     	Black=12    . An unexpected result.} (40... Rc8 $11) 1/2-1/2

[Event "1000GM Schev-C-A February 2024"]
[Site "Santa Clara"]
[Date "2024.02.25"]
[Round "4.1"]
[White "Jimenez Garcia, Emmanuel"]
[Black "Tang, Dylan"]
[Result "1-0"]
[ECO "D05"]
[WhiteElo "2394"]
[BlackElo "2206"]
[Annotator "TA"]
[PlyCount "59"]
[EventDate "2024.02.13"]
[EventType "schev"]
[EventCountry "USA"]
[SourceTitle "playchess.com"]
[Source "ChessBase"]
[SourceQuality "1"]
[TimeControl "5400+30"]

1. Nf3 d5 2. e3 Nf6 3. d4 e6 4. b3 c5 5. Bd3 Be7 6. O-O O-O 7. Nbd2 b6 8. Bb2 {[%emt 0:00:00] The position is equal.} Nbd7 9. Qe2 Bb7 10. Rfd1 Rc8 11. c4 cxd4 12. exd4 Rc7 13. a4 a5 14. Nb1 Qa8 15. Nc3 Nb8 (15... Rcc8 $11) 16. Nb5 Rd7 17. Ne5 {[%emt 0:00:00] White is much more active.} dxc4 ({Better is} 17... Rdd8 $1 $14) 18. bxc4 $18 Rdd8 $2 {[%emt 0:05:55] [#]} (18... Bb4 19. Nxd7 Nbxd7) 19. d5 $1 exd5 (19... Bc8 20. d6) 20. Nc7 Qa7 21. Nb5 Qa8 22. Ng4 {[%emt 0:00:00] Black must now prevent Bxf6.} ({Weaker is} 22. Nc7 Qa7 23. Ng4 Nxg4 24. Bxg7 (24. Qxe7 d4 $18) 24... Bf6 $18 (24... Kxg7 25. Qxg4+ Kh6 26. Qh3+)) 22... Nxg4 23. Qxg4 g6 24. Nc7 Qa7 25. cxd5 Nd7 26. Qf4 {[%emt 0:00:00] Prevents Bf6. And now d6 would win.} Nc5 27. Qh6 {[%emt 0:00:00][%csl Gb2][%cal Rh6g7] White mates.} f6 {[%emt 0:00:27] [#]} 28. Bxg6 $1 hxg6 29. Qxg6+ Kh8 30. Rd4 {[%emt 0:00:00] Weighted Error Value: White=0.25 (precise) /Black=0.51.  Mistake:       	---       	Black=3      Inaccurate:     	---       	Black=2      OK:         	White=11    	Black=11     Best:        	White=1     	---} 1-0

[Event "1000GM Schev-C-A February 2024"]
[Site "Santa Clara"]
[Date "2024.02.25"]
[Round "4.2"]
[White "Cardoso Cardoso, Jose Gabriel"]
[Black "Min, Ryan"]
[Result "1-0"]
[ECO "C76"]
[WhiteElo "2477"]
[BlackElo "2063"]
[Annotator "TA"]
[PlyCount "121"]
[EventDate "2024.02.13"]
[EventType "schev"]
[EventCountry "USA"]
[SourceTitle "playchess.com"]
[Source "ChessBase"]
[SourceQuality "1"]
[TimeControl "5400+30"]

1. e4 e5 2. Nf3 Nc6 3. Bb5 a6 4. Ba4 d6 5. O-O Bd7 6. c3 g6 7. d4 Bg7 8. Re1 Nge7 9. h3 O-O 10. Be3 b6 11. Nbd2 Qe8 12. d5 {[%emt 0:17:14] White is slightly better.} Nb8 13. Bxd7 Nxd7 14. a4 h6 15. a5 b5 16. Nh2 f5 {[%emt 0:00:48] [#] And now ...f4 would win.} 17. f3 $1 f4 (17... Nf6 $11) 18. Bf2 $14 g5 19. b4 h5 20. c4 Nf6 21. Rc1 Rc8 (21... bxc4 $14 22. Rxc4 (22. Nxc4 Qd7 $16) 22... Qd7) 22. Rc3 (22. Qe2 $16) 22... Kh8 23. Qc2 Qg6 $2 {[%emt 0:18:12] A mistake that costs the game.} (23... c6 $14) 24. cxb5 $18 axb5 25. a6 (25. Rxc7 $6 Nfxd5 26. Rxc8 Rxc8 $16) 25... Bh6 (25... c6 $142 26. dxc6 Ra8) 26. a7 (26. Rxc7 Nfxd5 27. Rxc8 Rxc8 $18) 26... Rg8 27. Qd3 g4 (27... Qe8 $142 28. Rec1 Qd7) 28. hxg4 (28. Qxb5 $2 {perishes.} gxh3 29. Qf1 hxg2 $19 (29... Qxg2+ 30. Qxg2 Rxg2+ 31. Kh1 $19)) 28... hxg4 29. Nxg4 (29. Qxb5 g3 30. Ng4 gxf2+ 31. Kxf2 Nxg4+ 32. fxg4 Qxg4 $11) 29... Nxg4 30. fxg4 f3 31. Nxf3 {[%emt 0:04:52] Black must now prevent g5.} Qxg4 32. Nh4 (32. Qxb5 $2 Qxg2#) 32... Ra8 33. Rxc7 Ng6 34. Qf3 Qxf3 35. Nxf3 Nf4 36. g3 Nd3 37. Rd1 Nxb4 38. Kg2 {[%emt 0:00:26] Hoping for Rh1.} Rg7 39. Rxg7 Kxg7 40. Rb1 Nd3 41. Rxb5 Nxf2 42. Rb7+ Kf6 43. Kxf2 {[%emt 0:00:03][%mdl 4096] Endgame. KRB-KRN} Bc1 44. g4 Kg6 45. Rd7 Ba3 46. Kg3 Bc5 47. Nh4+ Kf6 48. Nf5 Rxa7 49. Rxa7 {[%emt 0:00:08] White mates.} Bxa7 50. Nxd6 {[%emt 0:00:07] KB-KN} Be3 {[%emt 0:00:19] [#]} 51. Kf3 $1 Bf4 52. Nb5 Ke7 53. Nc7 Bc1 54. Ne6 Ba3 55. g5 Kf7 56. Kg4 Kg6 57. Nd8 Be7 58. Nb7 Bxg5 59. d6 Bf6 60. d7 Kf7 61. d8=Q {[%emt 0:00:09] Weighted Error Value: White=0.17 (very precise) /Black=0.48.  Loses game:     	---       	Black=1      Mistake:       	White=1     	Black=4      Inaccurate:     	White=2     	Black=2      OK:         	White=6     	Black=8      Best:        	White=2     	---        Strong:       	White=1     	---} 1-0

[Event "1000GM Schev-C-A February 2024"]
[Site "Santa Clara"]
[Date "2024.02.25"]
[Round "4.3"]
[White "Atwell, Rose"]
[Black "Zuluaga Mancilla, Cesar"]
[Result "0-1"]
[ECO "B22"]
[WhiteElo "2104"]
[BlackElo "2251"]
[Annotator "RC"]
[PlyCount "196"]
[EventDate "2024.02.13"]
[EventType "schev"]
[EventCountry "USA"]
[SourceTitle "playchess.com"]
[Source "ChessBase"]
[SourceQuality "1"]
[TimeControl "5400+30"]

1. e4 c5 2. Nf3 e6 3. c3 d5 4. exd5 Qxd5 5. d4 Nf6 6. Na3 Qd8 7. Nc2 Nc6 8. Bd3 cxd4 9. Ncxd4 Bd7 10. O-O Be7 11. Nxc6 Bxc6 12. Ne5 Qd5 13. Nxc6 Qxc6 14. Qc2 O-O 15. Bg5 h6 16. Bh4 Rfd8 17. Rad1 Rac8 18. Qe2 Qa4 19. Bxf6 Bxf6 20. Bb1 Qc6 21. g3 g6 22. Qe3 Rxd1 23. Rxd1 Qa4 24. b3 Qg4 25. f3 Qh3 26. c4 Be7 27. Kh1 Bc5 28. Qe2 b6 29. Rd7 a5 30. Bd3 Qh5 31. Kg2 Qg5 32. h4 Qf6 33. h5 gxh5 34. Qe4 Qg7 35. Kh3 Bf2 36. Qf4 Rf8 37. Kg2 Be1 38. Kh3 Bf2 39. Kg2 Bc5 40. Qe4 Re8 41. Rd5 h4 42. g4 Be7 43. Rd7 Bc5 44. Kh3 Bf2 45. f4 Kf8 46. Qh7 Qf6 47. Be4 Qg7 48. g5 hxg5 49. fxg5 Qxh7 50. Bxh7 Re7 51. Rd8+ Kg7 52. Be4 f5 53. gxf6+ Kxf6 54. Rf8+ Rf7 55. Rxf7+ Kxf7 56. Kg2 Bc5 57. Kf3 Kf6 58. Kf4 Bd6+ 59. Ke3 Ke5 60. Bg2 Bc5+ 61. Kf3 Kd4 62. Kg4 Be7 63. Bc6 Kd3 64. Kf4 Bd6+ 65. Kg4 Bg3 66. Bb7 Ke3 67. Bc8 e5 68. Bb7 Kd4 69. Kf5 a4 70. bxa4 Kxc4 71. Kg4 Kb4 72. Bc6 Ka3 73. Kf3 Kxa2 74. Be4 Kb3 75. Bc6 Kb4 76. Kg4 Kc5 77. Bb7 Kd4 78. Kf3 Be1 79. Ba8 Bb4 80. Bc6 Be7 81. Bb7 Bd6 82. Kg4 Be7 83. Kf5 Bd8 84. Bg2 Be7 85. Bb7 Bb4 86. Ba8 Bd6 87. Bg2 Ke3 88. Kg4 Be7 89. Kf5 Kf2 90. Bc6 h3 91. Kxe5 h2 92. Kd4 Bb4 93. Kc4 Ba5 94. Kd3 Kg1 95. Ke2 h1=Q 96. Bxh1 Kxh1 97. Kf1 Kh2 98. Kf2 Bb4 0-1

[Event "1000GM Schev-C-A February 2024"]
[Site "Santa Clara"]
[Date "2024.02.25"]
[Round "4.4"]
[White "Rajaram, Rohan"]
[Black "Delgado Ramirez, Neuris"]
[Result "0-1"]
[ECO "E33"]
[WhiteElo "2151"]
[BlackElo "2517"]
[Annotator "RC"]
[PlyCount "140"]
[EventDate "2024.02.13"]
[EventType "schev"]
[EventCountry "USA"]
[SourceTitle "playchess.com"]
[Source "ChessBase"]
[SourceQuality "1"]
[TimeControl "5400+30"]

1. d4 Nf6 2. c4 Nc6 3. Nf3 e6 4. Nc3 Bb4 5. Qc2 d6 6. Bg5 h6 7. Bd2 a5 8. e3 e5 9. Be2 O-O 10. O-O Bg4 11. d5 Ne7 12. a3 Bxc3 13. Bxc3 Bf5 14. Qc1 a4 15. Rd1 Nd7 16. Bb4 b6 17. Qc3 Nc5 18. Nd2 Bd7 19. Re1 Ng6 20. b3 axb3 21. Nxb3 f5 22. Nd2 Qg5 23. Nf3 Qe7 24. Bxc5 bxc5 25. Nd2 e4 26. f4 exf3 27. Nxf3 Ra6 28. Ra2 Rfa8 29. Kf2 Ne5 30. h3 Ra4 31. Nxe5 dxe5 32. Kg1 e4 33. Rb1 R4a6 34. Rb7 Qd6 35. Rb1 Qg3 36. Rc1 Rg6 37. Bf1 Qxh3 38. Rf2 Qg3 39. Ra2 Qd6 40. Qe1 Rg4 41. Be2 Rg3 42. Qf2 g5 43. Rf1 Rf8 44. Bd1 f4 45. exf4 gxf4 46. Qe2 Qe5 47. Qh5 Qxh5 48. Bxh5 f3 49. Raf2 Rg5 50. Bxf3 exf3 51. Rxf3 Rxf3 52. Rxf3 Rg4 53. Rb3 Kf7 54. Rb7 Ke7 55. Rxc7 Rxc4 56. Kf2 Kd6 57. Ra7 Ra4 58. Rb7 h5 59. g3 Rxa3 60. Rb6+ Kxd5 61. Rg6 Bg4 62. Rg5+ Kd4 63. Rg8 Ra2+ 64. Kg1 c4 65. Rd8+ Ke3 66. Rf8 c3 67. Re8+ Kf3 68. Re1 Kxg3 69. Rc1 Bf3 70. Re1 Rh2 0-1

[Event "1000GM Schev-C-A February 2024"]
[Site "Santa Clara"]
[Date "2024.02.25"]
[Round "4.5"]
[White "Arenas, David"]
[Black "Zhou, Ruoyu"]
[Result "1-0"]
[ECO "C50"]
[WhiteElo "2406"]
[BlackElo "2112"]
[Annotator "TA"]
[PlyCount "85"]
[EventDate "2024.02.13"]
[EventType "schev"]
[EventCountry "USA"]
[SourceTitle "playchess.com"]
[Source "ChessBase"]
[SourceQuality "1"]
[TimeControl "5400+30"]

1. e4 e5 2. Nf3 Nc6 3. Bc4 Bc5 4. d3 Nf6 5. Nc3 a6 6. Be3 Bxe3 7. fxe3 d6 8. O-O {[%emt 0:00:09] The position is equal.} O-O 9. Qe1 Be6 10. Bb3 Bxb3 11. axb3 Ne7 12. Nh4 Ng6 13. Nf5 Re8 14. Qg3 {[%emt 0:00:59] White is more active.} c6 15. Rf2 Re6 16. Raf1 Rc8 17. Ne2 d5 {[%emt 0:04:32] [#]} 18. Qf3 (18. Qh3 $1 $16) 18... Rc7 19. Neg3 Rd7 20. Qe2 {[%emt 0:00:39][%cal Of5g7] Threatens to win with Nxg7!} Ne8 21. Qg4 Kh8 22. h4 {[%emt 0:17:52] Black is now going downhill.} Nf6 23. Qh3 {[%emt 0:01:37][%cal Of5g7] Nxg7! would now be deadly.} d4 {[%emt 0:05:07] [#]} (23... Ne8 $1 $14) 24. Nxg7 $1 $16 dxe3 {[%emt 0:03:59] [#]} (24... Kxg7 $2 25. Rxf6 Rxf6 26. Nh5+ Kf8 27. Nxf6 $18) 25. Rxf6 Rxf6 26. Rxf6 Qxf6 $2 (26... e2 {keeps fighting.} 27. Nxe2 Kxg7) 27. Qxd7 $18 {[%emt 0:00:11] Qe8+ would kill now.} Qxg7 (27... Qf2+ $2 28. Kh2 Nxh4 29. Qd8+ Kxg7 30. Qxh4 $18) 28. Qxb7 $16 {[%emt 0:10:30][%mdl 4096] Endgame. KQN-KQN} Nf8 (28... h5 $142 29. Qc8+ (29. Qxc6 Nxh4 30. Qc8+ Kh7 $16) (29. Nxh5 e2 $18) 29... Kh7) 29. Qb8 {[%emt 0:05:45] Black must now prevent Nf5.} Kg8 $2 (29... e2 {was called for.} 30. Nxe2 Kg8) 30. Nf5 $1 $18 {[%emt 0:00:01][%csl LRe3,LRg7] White is clearly winning.} e2 31. Kf2 (31. Nxg7 $2 {too greedy.} e1=Q+ (31... e1=R+ $2 {perishes.} 32. Kf2 $18) 32. Kh2 Qxh4+ (32... Kxg7 33. Qxe5+ Kg8 34. Qg5+ Kh8 35. Qf6+ Kg8 36. Qg5+ Kh8 37. Qf6+ Kg8 38. Qg5+ $11) 33. Kg1 Kxg7 $19) 31... Qf6 32. Kxe2 h5 33. Qc8 c5 34. g3 a5 35. Kf3 Qe6 36. Qxc5 Qf6 37. Qc8 Qb6 38. Kg2 a4 {[%emt 0:00:00] [#]} 39. Qc6 $3 Qxc6 40. Ne7+ Kg7 41. Nxc6 axb3 42. c3 Kf6 43. Na5 {[%emt 0:00:07] Weighted Error Value: White=0.28 (precise) /Black=0.43.  Mistake:       	White=1     	Black=4      Inaccurate:     	White=2     	Black=4      OK:         	White=9     	Black=5      Best:        	White=2     	Black=1      Brilliant:      	White=2     	---} 1-0